 Dungeon Crawl Stone Soup version 0.26.1-11-gd32895ea62 (webtiles) character file.

Game seed: 15147897103356453643

4090 Arcadio the Covert (level 10, 0/60 HPs)
             Began as an Octopode Brigand on May 22, 2021.
             Was an Initiate of Fedhas.
             Hit by a stone thrown by an orc warrior (20 damage)
             ... on level 7 of the Dungeon.
             The game lasted 00:13:45 (21802 turns).

Arcadio the Covert (Octopode Brigand)              Turns: 21802, Time: 00:13:45

Health: 0/60       AC:  1    Str: 10    XL:     10   Next: 26%
Magic:  10/10      EV: 13    Int: 14    God:    Fedhas [......]
Gold:   411        SH:  0    Dex: 17    Spells: 9/9 levels left

rFire    . . .     SeeInvis .   a - +3 dagger
rCold    . . .     Faith    .   (no shield)
rNeg     . . .     Spirit   .   (helmet restricted)
rPois    .         Reflect  .   (no amulet)
rElec    .         Harm     .   u - ring of wizardry
rCorr    .         Rampage  .   k - +4 ring of slaying
Will     .....                  (no ring)
Stlth    +++.......             (no ring)
HPRegen  0.20/turn              (no ring)
MPRegen  0.12/turn              (no ring)
                                (no ring)
                                (no ring)

@: confused
A: almost no armour, stealthy swim, amphibious, 8 rings, constrict 8, camouflage
1, gelatinous body 1
a: Renounce Religion


You were on level 7 of the Dungeon.
You worshipped Fedhas.
Fedhas was noncommittal.
You visited 2 branches of the dungeon, and saw 8 of its levels.

You collected 411 gold pieces.

Inventory:

Hand Weapons
 a - a +3 dagger (weapon)
 v - a +0 dagger of flaming
Missiles
 b - 4 poisoned darts (quivered)
 c - 2 curare-tipped darts
Jewellery
 k - a +4 ring of slaying (right tentacle)
 u - a ring of wizardry (left tentacle)
Wands
 m - a wand of polymorph (10)
Scrolls
 e - a scroll of teleportation
 f - a scroll of fear {unknown}
 g - 4 scrolls of remove curse
 h - a scroll of random uselessness {unknown}
 i - 4 scrolls of identify
 n - a scroll of blinking {unknown}
 o - 2 scrolls of enchant weapon
 q - 2 scrolls of enchant armour
 r - a scroll of amnesia
Potions
 d - a potion of mutation
 j - a potion of might {unknown}
 l - 2 potions of brilliance
 p - a potion of haste
 s - a potion of invisibility {unknown}
 t - 2 potions of heal wounds {unknown}
 w - a potion of lignification {unknown}


   Skills:
 - Level 2.0 Fighting
 + Level 10.4 Short Blades
 - Level 2.0 Throwing
 + Level 1.4 Dodging
 + Level 14.6 Stealth


You had 9 spell levels left.
You didn't know any spells.
Your spell library was empty.

Dungeon Overview and Level Annotations

Branches:
Dungeon (7/15)             Temple (1/1) D:7

Altars:
Ashenzari
Cheibriados
Dithmenos
Elyvilon
Fedhas
Gozag
Hepliaklqana
Kikubaaqudgha
Makhleb
Nemelex Xobeh
Okawaru
Qazlal
Ru
Sif Muna
Trog
Uskayaw
Vehumet
Wu Jian
Xom
Yredelemnul
Zin
The Shining One
Beogh

Shops:
D:5 [

Annotations:
D:5 3 runed translucent doors, alexmat1496's ghost, amateur FeAE
D:6 3 runed translucent doors, alexmat1496's ghost, novice HuFi
D:7 1 runed translucent door, Crazy Yiuf


Innate Abilities, Weirdness & Mutations

You cannot wear most types of armour.
You are very stealthy in the water. (Stealth+)
You are amphibious.
You can wear up to eight rings at the same time.
You can use your tentacles to constrict eight enemies at once.
Your skin changes colour to match your surroundings (Stealth+).
Your rubbery body absorbs attacks. (AC +1, EV +1)


Message History

Throw: 5 darts (poison)
Press: ? - help, Q - select action, (/) - cycle Shift-Dir - straight line, f/p - orc warrior
Aim: an orc warrior, wielding a +0 trident, wearing a +0 chain mail and quivering 16 stones (poisoned, 63% to hit)
You throw a poisoned dart. The poisoned dart hits the orc warrior.
The orc warrior throws a stone.
The stone hits you.
The orc wizard casts a spell at itself.
The orc wizard flickers and vanishes!
A magic dart appears from out of thin air!
The magic dart hits you!
The orc warrior throws a stone.
The stone misses you.
You see here a stone.
A magic dart appears from out of thin air!
The magic dart hits you.
The orc warrior throws a stone.
The stone misses you.
You are confused.
You see here a stone.
The orc warrior throws a stone.
The stone hits you!
You see here a stone.
The orc warrior throws a stone.
The stone hits you!!
You die...
Fedhas appreciates your contribution to the ecosystem.

#. ####### #...# #.⌠.#
####...### #########
#......... #.......#
#.⌠..>..⌠.
#.##.##.#####.........
#....@.......###..[###
#.##(##.###### #.⌠.# #
#.##.##.# #...# #
#{......# ....## #
#.##o##.# .....# #
#.##.##.# ......(# #
#...(...# .......##..
####..### .......####
##.#.## .......####


You could see an orc warrior.

Vanquished Creatures
  Harold (D:7)
  Pikel (D:5)
  4 yaks
  Eustachio (D:6)
  3 sky beasts
  An ice beast (D:7)
  3 phantoms
  2 ogres
  A lemure (D:5)
  5 bullfrogs
  2 scorpions
  5 wights
  A howler monkey (D:6)
  A centaur skeleton (D:6)
  3 orc priests
  3 bullfrog skeletons (D:5)
  A hound (D:6)
  An iguana (D:7)
  3 orc wizards
  6 worker ants
  A killer bee zombie (D:3)
  A hound skeleton (D:7)
  A worker ant zombie (D:5)
  8 gnolls
  9 adders
  A white imp (D:5)
  3 worms
  3 dart slugs
  A leopard gecko (D:2)
  26 orcs
  A ball python (D:1)
  2 bats (D:1)
  4 giant cockroaches
  5 goblins
  6 hobgoblins
  4 jackals (D:4)
  8 kobolds
  3 quokkas
  A frilled lizard (D:1)
  A leopard gecko skeleton (D:7)
  A quokka skeleton (D:6)
  3 rats
141 creatures vanquished.

Notes
Turn   | Place    | Note
-------+----------+-------------------------------------------
     0 | D:1      | Arcadio the Octopode Brigand began the quest for the Orb.
     0 | D:1      | Reached XP level 1. HP: 14/14 MP: 1/1
   340 | D:1      | Reached XP level 2. HP: 19/19 MP: 2/2
  1493 | D:1      | Reached skill level 6 in Stealth
  1618 | D:1      | Reached XP level 3. HP: 24/24 MP: 3/3
  2655 | D:3      | Reached XP level 4. HP: 29/29 MP: 4/4
  2765 | D:3      | Noticed a bullfrog
  2768 | D:3      | Noticed an ogre
  2769 | D:3      | Killed a bullfrog
  2770 | D:3      | Reached skill level 7 in Stealth
  2770 | D:3      | Reached XP level 5. HP: 34/34 MP: 5/5
  2778 | D:3      | Killed an ogre
  3156 | D:3      | Reached skill level 8 in Stealth
  3156 | D:3      | Reached XP level 6. HP: 28/39 MP: 6/6
  3814 | D:3      | Found a broken altar of Ashenzari.
  4135 | D:4      | Found a bloodstained altar of Trog.
  4220 | D:4      | Reached skill level 5 in Short Blades
  5852 | D:4      | Reached XP level 7. HP: 42/45 MP: 7/7
  5939 | D:4      | Reached skill level 9 in Stealth
  6916 | D:5      | Entered Level 5 of the Dungeon
  6919 | D:5      | Found Putuurust's Armour Emporium.
  7102 | D:5      | Found a shimmering blue altar of Sif Muna.
  7312 | D:5      | Reached skill level 10 in Stealth
  7366 | D:5      | Found a runed translucent gate.
  7366 | D:5      | Found a runed translucent gate.
  7366 | D:5      | Found a runed translucent gate.
  7367 | D:5      | Noticed alexmat1496's ghost (amateur FeAE)
  7907 | D:6      | Reached XP level 8. HP: 6/50 MP: 8/8
  8599 | D:6      | Noticed Pikel
  9044 | D:5      | Killed Pikel
  9045 | D:5      | Reached skill level 11 in Stealth
  9415 | D:5      | Reached skill level 12 in Stealth
  9581 | D:6      | Reached XP level 9. HP: 50/54 MP: 9/9
 18044 | D:6      | Noticed Eustachio
 18060 | D:6      | Killed Eustachio
 18252 | D:6      | Found a runed translucent gate.
 18252 | D:6      | Identified the +6 flail of Uncertain Death {vorpal, rElec
                  | rF+ rN+ SInv}
 18253 | D:6      | Found a runed translucent gate.
 18254 | D:6      | Found a runed translucent gate.
 18255 | D:6      | Noticed alexmat1496's ghost (novice HuFi)
 18256 | D:6      | Identified the cursed +3 mace of the Modern Xeniums
                  | {vorpal, +Fly}
 18259 | D:6      | Found a roughly hewn altar of Beogh.
 18571 | D:7      | Reached skill level 13 in Stealth
 19328 | D:7      | Noticed Harold
 19332 | D:7      | Killed Harold
 19333 | D:7      | Reached skill level 10 in Short Blades
 19333 | D:7      | Reached skill level 14 in Stealth
 19333 | D:7      | Reached XP level 10. HP: 60/60 MP: 10/10
 19426 | D:7      | Found a bloodstained altar of Trog.
 19434 | D:7      | Found a staircase to the Ecumenical Temple.
 19443 | Temple   | Entered the Ecumenical Temple
 19699 | Temple   | Became a worshipper of Fedhas Madash
 20859 | D:7      | Found a runed translucent door.
 20860 | D:7      | Noticed Crazy Yiuf
 21802 | D:7      | Hit by a stone thrown by an orc warrior

Illustrated notes

Levels and vault maps discovered:
D:1:      minmay_arrival_cross, layout_loops_ring
D:2:      layout_loops_ring
D:3:      wad_pebble_path, layout_basic, ashenzari_altar_1
D:4:      layout_cave_pools, lemuel_statue_altar
D:5:      layout_loops_cross, ebering_ghost_rock_garden, serial_shops, shop,
          kennysheep_nondescript, led_sif_book
D:6:      layout_loops_ring, biasface_ghost_orc_armoury, uniq_eustachio,
          uniq_pikel
D:7:      layout_loops_cross, bloody_trog, minmay_temple_entry_junction,
          uniq_crazy_yiuf_cottage, uniq_harold
Temple:   minmay_crystal_snake_temple

Skill      XL: |  1  2  3  4  5  6  7  8  9 |
---------------+----------------------------+-----
Stealth        | 6 7 8 10 12 14 | 14.6
Short Blades   | 3 4 5 6 8 10 | 10.4
Fighting       | |  2.0
Throwing       | |  2.0
Dodging        | |  1.4

Action                   |  1- 3 |  4- 6 |  7- 9 | 10-12 || total
-------------------------+-------+-------+-------+-------++-------
Melee: Dagger            |    61 |   109 |   202 |    44 ||   416
       Constrict         |    14 |    22 |    37 |     6 ||    79
       Tentacles         |    11 |    22 |    39 |    11 ||    83
Throw: Dart              |       |       |       |     4 ||     4
  Use: Scroll            |     7 |       |     3 |     2 ||    12
       Potion            |       |     1 |     2 |       ||     3
 Stab: Sleeping          |    10 |     6 |    22 |     2 ||    40
       Distracted        |       |       |     4 |       ||     4
Armor: Skin              |     8 |     4 |     3 |     3 ||    18
Dodge: Dodged            |    43 |    59 |    70 |    29 ||   201
